Map: Neon Violet Square LE

Players

Scarlett

  • Race: Zerg Zerg
  • League: Diamond
  • Spawn Location: 11:00

aLive - Winner!

  • Race: Terran Terran
  • Spawn Location: 5:00

Event: HomeStory Cup XVI

VOD

Have the link to the VOD?

Description

Time

  • Played on: Nov. 10, 2017, 2:46 p.m.
  • Length: 20:11

All games in this series

Show
View Real Time Build Order
Export as new Build Order

Scarlett Zerg 

Build Orders: Hatch First 

Get SALT Encoding   

  12  0:00  Drone  
  13  0:13  Overlord  
  13  0:19  Drone  
  14  0:32  Drone x2  
  14  0:35  Drone  
  17  0:52  Hatchery  
  17  0:55  Drone  
  17  1:01  Drone  
  18  1:06  Extractor  
  17  1:15  Spawning Pool  
  17  1:17  Drone  
  17  1:21  Drone  
  18  1:28  Drone  
  19  1:39  Overlord  
  19  1:51  Drone  
  20  2:01  Queen  
  20  2:02  Zergling x2  
  20  2:04  Queen  
  20  2:05  Zergling x2  
  26  2:09  Metabolic Boost  
  26  2:15  Drone  
  27  2:16  Drone  
  28  2:25  Drone x2  
  30  2:42  Hatchery  
  28  2:46  Drone x2  
  28  2:49  Overlord  
  30  2:51  Drone  
  30  2:55  Drone  
  32  3:01  Queen  
  32  3:02  Drone  
  35  3:08  Drone  
  35  3:10  Drone  
  35  3:11  Drone  
  38  3:14  Drone  
  38  3:15  Drone  
  38  3:17  Drone  
  41  3:23  Queen  
  43  3:27  Overlord  
  43  3:34  Overlord  
  43  3:45  Queen  
  43  3:47  Drone x6  
  51  3:53  Queen  
  53  3:58  Zergling x4  
  55  4:09  Overlord, Drone x5  
  60  4:18  Overlord  
  60  4:22  Overlord, Drone x5  
  65  4:28  Evolution Chamber  
  65  4:29  Evolution Chamber  
  63  4:32  Zergling x4  
  63  4:37  Queen, Baneling Nest  
  66  4:44  Drone x4  
  69  4:47  Drone  
  69  4:51  Drone x4  
  74  4:54  Zerg Ground Armor Level 1  
  74  4:56  Zerg Melee Weapons Level 1  
  74  4:59  Drone x3  
  77  5:00  Extractor  
  76  5:07  Hatchery  
  69  5:14  Drone  
  69  5:15  Drone x6  
  69  5:19  Lair  
  76  5:22  Extractor x2  
  74  5:29  Drone x7  
  74  5:33  Overlord  
  74  5:34  Zergling x2  
  74  5:35  Zergling x2  
  83  5:39  Drone x2  
  83  5:41  Extractor  
  84  5:43  Extractor  
  84  5:44  Zergling x2  
  84  5:45  Zergling x2  
  85  5:53  Zergling x8  
  89  5:57  Drone x3  
  89  6:02  Zergling x10  
  97  6:05  Overlord  
  97  6:10  Hatchery  
  96  6:13  Overlord  
  96  6:14  Drone  
  97  6:26  Overlord x2  
  97  6:27  Overlord  
  97  6:28  Drone  
  97  6:29  Drone x2  
  97  6:31  Drone  
  100  6:42  Centrifical Hooks  
  100  6:44  Hydralisk Den  
  98  6:50  Zerg Ground Armor Level 2  
  98  6:52  Zerg Missile Weapons Level 1  
  98  7:03  Drone x3  
  98  7:04  Overlord x2  
  101  7:08  Zergling x2  
  101  7:09  Zergling x10  
  101  7:10  Baneling x3  
  101  7:11  Baneling x3  
  101  7:15  Muscular Augments, Hydralisk x9  
  125  7:23  Extractor x2  
  125  7:26  Drone  
  125  7:27  Infestation Pit, Drone x6  
  127  7:31  Hydralisk  
  127  7:32  Hydralisk x2  
  131  7:38  Hydralisk x2  
  131  7:40  Drone x3  
  131  7:41  Drone x3  
  141  7:57  Hatchery  
  140  8:04  Hive, Hydralisk x6  
  152  8:09  Zergling x8  
  152  8:10  Overlord  
  152  8:12  Overlord  
  156  8:31  Spore Crawler  
  156  8:33  Spine Crawler, Spore Crawler  
  153  8:36  Hydralisk x9  
  171  8:44  Drone x8  
  166  8:49  Queen  
  166  8:52  Spine Crawler  
  166  8:54  Spore Crawler  
  164  9:06  Overlord x3  
  164  9:09  Zerg Melee Weapons Level 2  
  164  9:13  Zergling x8  
  159  9:24  Overseer  
  159  9:25  Drone x3  
  160  9:34  Zerg Ground Armor Level 3  
  160  9:35  Viper x4  
  172  9:40  Zergling x16  
  180  9:49  Zergling x18  
  180  9:50  Zergling x4  
  191  9:55  Adrenal Glands  
  190  10:14  Ultralisk Cavern  
  189  10:27  Zergling x22  
  200  10:29  Baneling x15  
  200  10:30  Baneling x9  
  196  10:39  Baneling x9  
  196  10:41  Lair  
  191  10:46  Hatchery  
  147  10:57  Hatchery  
  145  11:07  Chitinous Plating  
  145  11:08  Pathogen Glands  
  145  11:10  Ultralisk x2  
  157  11:14  Drone x3  
  157  11:15  Drone x5  
  166  11:18  Drone x2  
  166  11:22  Drone x2  
  169  11:34  Ultralisk  
  169  11:37  Ultralisk  
  178  11:47  Zerg Missile Weapons Level 2, Hive  
  174  11:52  Drone  
  175  12:01  Zergling x2  
  175  12:02  Zergling x24  
  175  12:08  Baneling x9  
  188  12:10  Zergling x2  
  188  12:11  Zergling x2  
  133  12:48  Spire  
  132  12:54  Extractor  
  131  13:10  Spore Crawler  
  130  13:21  Ultralisk x5  
  130  13:22  Hydralisk x8, Zergling x20  
  130  13:26  Baneling x4  
  130  13:27  Baneling x3  
  186  13:31  Drone  
  186  13:32  Drone x2  
  189  13:35  Drone x3  
  189  13:40  Zerg Melee Weapons Level 3  
  192  13:48  Burrow  
  192  14:03  Baneling x11  
  192  14:04  Baneling x12  
  192  14:08  Zergling x16  
  200  14:14  Zerg Missile Weapons Level 3, Greater Spire  
  163  14:47  Corruptor x8  
  154  14:55  Hydralisk x5  
  154  14:56  Zergling x18  
  172  15:02  Hydralisk  
  172  15:03  Hydralisk, Zergling x2  
  172  15:04  Zergling x4  
  178  15:18  Baneling x12  
  155  15:31  Drone  
  155  15:32  Drone x5  
  142  15:43  Infestor x3  
  142  15:45  Hatchery x2  
  146  15:52  Brood Lord  
  148  16:00  Brood Lord x2  
  152  16:14  Brood Lord x3  
  152  16:17  Drone x2  
  160  16:23  Brood Lord  
  160  16:24  Corruptor  
  164  16:49  Zerg Flyer Weapons Level 1  
  164  16:50  Brood Lord  
  164  16:51  Corruptor x3  
  172  17:08  Corruptor x4  
  172  17:14  Corruptor  
  182  17:26  Extractor x2  
  164  17:30  Corruptor  
  164  17:31  Corruptor x2  
  150  17:41  Ultralisk, Zergling x14  
  150  17:42  Zergling x2  
  121  17:51  Zergling x2  
  121  17:52  Zergling x18  
  127  18:01  Brood Lord x2  
  129  18:07  Hatchery  
  128  18:17  Infestor  
  128  18:18  Brood Lord  
  128  18:19  Brood Lord  
  134  18:25  Brood Lord  
  136  18:31  Queen  
  138  18:37  Hydralisk x6  
  150  18:44  Extractor  
  150  18:45  Corruptor x2  
  153  18:50  Baneling x6  
  153  18:57  Baneling x6  
  153  19:03  Corruptor  
  153  19:05  Baneling  
  153  19:06  Baneling x4, Zergling x10  
  160  19:15  Corruptor  
  160  19:16  Corruptor  
  164  19:23  Corruptor x2  
  158  19:38  Zergling x20  
Show
View Real Time Build Order
Export as new Build Order

aLive Terran - Winner!

Build Orders: Reaper Expand, MMM Bio 

Get SALT Encoding   

  12  0:00  SCV  
  13  0:12  SCV  
  14  0:18  Supply Depot  
  14  0:25  SCV  
  15  0:40  SCV  
  15  0:42  Barracks  
  16  0:45  Refinery  
  16  0:52  SCV  
  17  1:04  SCV  
  18  1:16  SCV  
  19  1:29  Reaper, Orbital Command  
  20  1:42  Command Center  
  20  1:52  Supply Depot  
  20  1:55  SCV  
  21  2:01  Marine  
  21  2:07  SCV  
  23  2:09  Factory  
  23  2:20  SCV  
  23  2:22  Barracks Reactor  
  24  2:32  SCV  
  25  2:44  SCV  
  26  2:52  Command Center  
  26  2:54  Orbital Command  
  26  2:57  SCV  
  27  3:04  Hellion  
  27  3:05  Hellion  
  31  3:08  Barracks Tech Lab  
  31  3:09  SCV  
  32  3:20  SCV  
  32  3:21  SCV  
  32  3:26  Marine  
  32  3:27  Stimpack  
  35  3:32  Barracks, Factory Reactor  
  35  3:34  SCV x2  
  37  3:36  Barracks  
  37  3:44  Refinery  
  37  3:45  Refinery  
  37  3:47  Marine  
  37  3:48  SCV x2  
  40  4:00  SCV x2  
  42  4:04  Marine  
  42  4:05  Orbital Command  
  42  4:12  SCV x2  
  42  4:13  Starport  
  44  4:17  Factory Reactor  
  44  4:23  Engineering Bay  
  44  4:24  Engineering Bay  
  44  4:25  SCV x2  
  47  4:31  SCV  
  47  4:34  Marine x5  
  47  4:38  SCV x2  
  54  4:43  SCV  
  54  4:45  Supply Depot  
  55  4:50  Supply Depot, SCV x2  
  57  5:00  Marine  
  57  5:01  Marine x3  
  57  5:03  Terran Infantry Weapons Level 1, Terran Infantry Armor Level 1  
  57  5:06  Orbital Command, Marine  
  62  5:08  Medivac x2  
  66  5:20  Barracks  
  66  5:21  Barracks, SCV x2  
  64  5:24  Supply Depot, Marine x5  
  69  5:30  Combat Shields  
  69  5:32  SCV  
  69  5:33  SCV x2  
  72  5:37  Factory Reactor  
  72  5:43  Marine  
  72  5:44  Marine x4  
  72  5:46  SCV x3  
  80  5:55  Supply Depot x3, Armory  
  80  6:02  Marine x2  
  80  6:03  Marine x3  
  85  6:12  Barracks Reactor  
  85  6:13  Barracks Reactor  
  85  6:16  Medivac x2, Widow Mine x2, SCV x3  
  96  6:21  Marine x5  
  100  6:27  Supply Depot  
  100  6:28  SCV x3  
  100  6:30  Supply Depot  
  103  6:34  Refinery x2  
  103  6:42  Marine x4  
  103  6:43  Marine  
  103  6:44  SCV x2  
  109  6:53  Marine x4  
  113  6:54  Medivac  
  113  6:55  Medivac  
  113  7:00  SCV x3  
  124  7:04  Supply Depot  
  124  7:05  Supply Depot  
  124  7:06  Supply Depot  
  124  7:07  Refinery  
  124  7:09  Terran Infantry Weapons Level 2  
  124  7:13  Terran Infantry Armor Level 2  
  124  7:15  SCV x3  
  123  7:26  Marine x9  
  132  7:35  Supply Depot  
  132  7:39  Starport  
  132  7:40  Starport  
  132  7:41  Fusion Core  
  132  7:43  Factory Tech Lab  
  132  7:47  Marine x6  
  132  7:48  Marine  
  132  7:49  Marine  
  132  7:51  Concussive Shells  
  140  7:53  Terran Ship Weapons Level 1  
  140  8:10  SCV x2  
  140  8:11  SCV  
  143  8:22  Marine x7  
  143  8:23  Marauder, Marine  
  153  8:30  Command Center  
  153  8:32  Barracks x2  
  153  8:34  Barracks  
  153  8:44  Advanced Ballistics  
  153  8:53  Marine x5  
  157  8:59  Supply Depot  
  157  9:00  Supply Depot  
  157  9:01  Supply Depot  
  157  9:03  Liberator x2  
  157  9:04  Liberator x2  
  157  9:09  Marine x2  
  157  9:11  Marauder, Marine  
  167  9:31  Marine x7  
  167  9:32  Marine  
  167  9:33  Barracks Tech Lab x3  
  173  9:43  Medivac  
  175  9:47  Liberator x2, Planetary Fortress  
  175  9:48  Marauder, Refinery  
  175  9:49  Refinery  
  177  9:54  Terran Infantry Weapons Level 3  
  177  9:55  Sensor Tower  
  175  10:03  Medivac x2  
  180  10:07  Terran Infantry Armor Level 3  
  180  10:13  Marine x8  
  189  10:14  Marauder  
  189  10:15  Marauder x3  
  189  10:17  Supply Depot  
  196  10:22  Terran Ship Weapons Level 2  
  195  10:36  Liberator x3  
  195  10:38  Liberator  
  186  10:50  Marine x8  
  186  10:52  Marauder x4, Liberator  
  161  11:16  Marine x8  
  161  11:17  Marauder x4  
  177  11:20  Command Center  
  177  11:23  Liberator x4  
  177  11:41  Marine x7  
  177  11:42  Marine  
  177  11:43  Marauder  
  199  11:53  Barracks  
  199  11:54  Barracks  
  196  12:21  Marauder  
  196  12:22  Marauder  
  200  12:29  Liberator x3  
  197  12:30  Liberator x2  
  131  12:39  Marine x5  
  131  12:40  Marine x3  
  131  12:41  Barracks Tech Lab  
  131  12:42  Barracks Tech Lab  
  114  12:48  Marauder  
  114  12:49  Marauder x3  
  137  12:51  Terran Ship Weapons Level 3  
  137  12:57  Marine x7  
  144  13:02  Orbital Command  
  144  13:05  Ghost Academy  
  144  13:08  Marine  
  144  13:10  Marauder  
  149  13:14  Marauder x5, Liberator x5  
  149  13:15  Marine x7  
  161  13:33  Marine x2  
  161  13:34  Marine x6  
  179  13:35  Ghost  
  179  13:36  Ghost  
  179  13:40  Ghost  
  190  14:12  Marauder x5  
  190  14:15  Command Center  
  200  14:32  Barracks  
  200  14:34  Barracks  
  200  14:41  Liberator x2  
  200  14:42  Liberator x3  
  169  14:52  Marauder x4, Marine x9  
  173  15:11  Marine x7  
  173  15:12  Marine  
  173  15:13  Marauder x2  
  173  15:14  Marauder x3  
  161  15:38  Marine x7  
  161  15:39  Marine  
  161  15:41  Ghost x4  
  161  15:42  Ghost  
  175  15:49  Planetary Fortress  
  177  15:58  Barracks Tech Lab  
  177  15:59  Barracks Reactor  
  177  16:00  Medivac x5  
  187  16:13  Marauder  
  187  16:14  Marauder x5, Marine  
  199  17:03  Moebius Reactor  
  199  17:04  Unknown x3  
  199  17:05  Unknown  
  199  17:16  Viking  
  190  17:32  Marine x8  
  126  17:55  Marine x8  
  126  17:56  Marine x2  
  126  17:57  Marauder x5  
  126  17:58  Marauder x2, Viking x5  
  145  18:14  Marine x10  
  145  18:18  Marauder x2  
  145  18:19  Marauder x5  
  169  18:24  Orbital Command  
  169  18:28  Viking x5  
  169  18:33  Sensor Tower  
  179  18:35  Marine  
  179  18:36  Marine x9  
  179  18:37  Command Center  
  179  18:40  Marauder x5  
  199  18:55  Marine  
  200  19:01  Barracks  
  197  19:02  Barracks  
  150  19:38  Marine x3  
  150  19:39  Marine x7  
  150  19:40  Marauder x5  
Tags
 
Add a new tag
Caveats
  • Supply blocks, unpowered buildings, or Contaminate may cause inaccurate times.
  • Supply counts are checked every 10 seconds.